 Dungeon Crawl Stone Soup version 0.20.1-1-g8b1a95d (webtiles) character file.

42 Gargoyl the Caller (level 3, -2/14 HPs)
             Began as a Felid Summoner on July 26, 2017.
             Slain by an adder (3 damage)
             ... on level 2 of the Dungeon.
             The game lasted 00:05:41 (2500 turns).

Gargoyl the Caller (Felid Summoner)                 Turns: 2500, Time: 00:05:42

Health: -2/14      AC:  1    Str:  4    XL:     3   Next: 33%
Magic:  7/7        EV: 18    Int: 16    God:
Gold:   137        SH:  0    Dex: 17    Spells: 5/6 levels left
                                        Lives:  0   Deaths: 0

rFire    . . .     SeeInvis +     - Unarmed
rCold    . . .     Gourm    .   (shield unavailable)
rNeg     . . .     Faith    .   (armour unavailable)
rPois    .         Spirit   .   (helmet unavailable)
rElec    .         Reflect  .   (cloak unavailable)
rCorr    .         Harm     .   (gloves unavailable)
MR       .....                  (boots unavailable)
Stlth    +++.......             (no amulet)
Regen    0.1/turn               (no ring)
MPRegen  0.1/turn               (no ring)

@: lethally poisoned (-2 -> -8), quick
A: no armour, no weapons or thrown items, stealth, claws 1, fangs 3, see
invisible, carnivore 3, speed 1, shaggy fur 1, slow metabolism 1, sharp paws
a: no special abilities


You were on level 2 of the Dungeon.
You were not hungry.

You visited 1 branch of the dungeon, and saw 2 of its levels.

You collected 137 gold pieces.

Inventory:

Scrolls
 g - a scroll of identify
 h - a scroll of remove curse
 i - a scroll of blinking
Potions
 c - a potion of agility {unknown}
 d - a potion of lignification {unknown}
 e - a potion of mutation {unknown}
 f - a potion of brilliance {unknown}
 j - 2 potions of curing {unknown}
 k - a potion of haste
Books
 a - a book of Callings

   Spells                             Type                      Level
   a - Summon Small Mammal            Summoning                    1
   b - Call Imp                       Summoning                    2
   c - Call Canine Familiar           Summoning                    3
   d - Summon Guardian Golem          Hexes/Summoning              3
   e - Summon Lightning Spire         Summoning/Air                4
   f - Summon Ice Beast               Ice/Summoning                4
Comestibles
 b - 2 meat rations


   Skills:
 * Level 3.1 Dodging
 * Level 3.2 Stealth
 + Level 1.4 Unarmed Combat
 * Level 2.0 Spellcasting
 + Level 4.4 Summonings


You had 5 spell levels left.
You knew the following spells:

 Your Spells              Type           Power        Failure   Level  Hunger
a - Summon Small Mammal   Summ           ###.         3%          1    #......


Dungeon Overview and Level Annotations

Branches:
Dungeon (2/15)

Altars:


Innate Abilities, Weirdness & Mutations

You cannot wear armour.
You are incapable of wielding weapons or throwing items.
Your paws allow you to move quietly. (Stealth)
You have sharp claws.
You have razor-sharp teeth.
You have supernaturally acute eyesight. (SInv)
You are carnivorous and can eat meat at any time.
You cover ground quickly.
You are covered in fur. (AC +1)
You have a slow metabolism.
Your sharp claws are effective at attacking unaware monsters.


Message History

You feel sick. The adder misses you. The adder bites you.
You scratch the adder.
The adder is moderately wounded.
The adder misses you.
You barely miss the adder. You bite the adder.
The adder is heavily wounded.
* * * LOW HITPOINT WARNING * * *
You feel sick. The adder misses you.
You scratch the adder.
The adder is severely wounded.
The adder barely misses you.
You miss the adder.
The adder is severely wounded.
The adder barely misses you. The adder bites you.
* * * LOW HITPOINT WARNING * * *
You closely miss the adder.
The adder is severely wounded.
* * * LOW HITPOINT WARNING * * *
You feel sick. The adder bites you.
You die...

#......##.#..
#......#..##.
#......†.####
#......### ## #......#
##. ##......# #..
##########..######
##.# #....S.....##
####... #.....@....#
####....##
#.........####.>..##.#
#.........# #..#####.#
#.........###.######.#
#.........##..###....#
#.........#..#....####
#####.#####.##.####
#.# ##.##)# #.#
##..##.#


You could see an adder.

Vanquished Creatures
  2 dart slugs (D:1)
  2 leopard geckos (D:2)
  6 bats
  A giant cockroach (D:1)
  4 goblins (D:1)
  3 hobgoblins
  2 jackals (D:1)
  2 quokkas (D:2)
  2 frilled lizards
  4 kobolds
  6 rats
34 creatures vanquished.

Vanquished Creatures (collateral kills)
  A bat (D:1)
  A goblin (D:2)
  2 jackals (D:1)
4 creatures vanquished.

Grand Total: 38 creatures vanquished

Notes
Turn   | Place    | Note
-------+----------+-------------------------------------------
     0 | D:1      | Gargoyl the Felid Summoner began the quest for the Orb.
     0 | D:1      | Reached XP level 1. HP: 7/7 MP: 4/4
   251 | D:1      | Reached XP level 2. HP: 8/11 MP: 6/6
  1369 | D:1      | You fall through a shaft!
  1458 | D:2      | Reached XP level 3. HP: 13/14 MP: 7/7
  1462 | D:2      | Reached skill level 1 in Unarmed Combat
  2500 | D:2      | Slain by an adder

Skill      XL: |  1  2  3 |
---------------+----------+-----
Dodging        | 3 |  3.1
Stealth        | 3 |  3.2
Unarmed Combat | 1 |  1.4
Spellcasting   | |  2.0
Summonings     | |  4.4

Action                   || total
-------------------------++-------
Melee: Unarmed           ||   123
       Bite              ||    14
 Cast: Summon Small Mamm ||     7
  Use: Scroll            ||     7
 Stab: Sleeping          ||     9
       Distracted        ||     1
  Eat: Chunk             ||     6
Armor: Skin              ||     8
Dodge: Dodged            ||   137
